Map: Blackburn LE

Players

Scarlett - Winner!

  • Race: Zerg Zerg

MaSa

  • Race: Terran Terran

Event: DreamHack SC2 Masters 2021 Summer

VOD

Have the link to the VOD?

Description

Time

  • Played on: May 25, 2021, 4:33 p.m.
  • Length: 9:28

All games in this series

Show
View Real Time Build Order
Export as new Build Order

Scarlett Zerg - Winner!

Build Orders: Hatch First 

Get SALT Encoding   

  12  0:01  Drone  
  13  0:12  Overlord  
  13  0:17  Drone  
  14  0:30  Drone x2  
  16  0:47  Hatchery  
  15  0:51  Drone  
  15  0:54  Drone  
  17  0:58  Drone  
  18  1:07  Extractor  
  17  1:12  Spawning Pool  
  17  1:15  Drone  
  17  1:19  Drone  
  18  1:27  Drone  
  19  1:39  Drone  
  20  1:49  Drone  
  21  2:00  Drone x2, Queen x2  
  27  2:10  Drone  
  27  2:13  Overlord  
  28  2:21  Hatchery  
  27  2:24  Drone  
  28  2:30  Metabolic Boost  
  28  2:32  Drone  
  28  2:33  Drone  
  30  2:37  Drone  
  30  2:43  Queen  
  33  2:47  Overlord  
  33  2:50  Drone  
  34  2:54  Drone x2  
  36  3:05  Queen  
  38  3:06  Zergling x2  
  38  3:07  Drone  
  38  3:09  Drone x2  
  42  3:14  Overlord  
  42  3:18  Queen  
  44  3:31  Overlord  
  44  3:32  Drone x2  
  44  3:33  Drone x2, Queen  
  50  3:39  Drone x2  
  50  3:41  Drone  
  53  3:43  Zergling x2  
  53  3:44  Zergling x2  
  53  3:47  Zergling x4  
  56  3:50  Overlord  
  56  3:52  Drone  
  57  3:56  Queen  
  57  4:02  Overlord  
  59  4:05  Zergling x2  
  59  4:06  Drone, Overlord  
  61  4:12  Drone x4  
  65  4:20  Drone x4  
  69  4:26  Drone x5  
  69  4:31  Overlord  
  74  4:36  Drone x2  
  74  4:37  Queen  
  78  4:39  Lair  
  78  4:42  Evolution Chamber  
  78  4:43  Evolution Chamber  
  76  4:47  Zergling x6  
  76  4:49  Spore Crawler  
  76  4:50  Spore Crawler  
  77  4:53  Drone x4  
  77  4:58  Extractor x2  
  76  5:02  Drone  
  76  5:03  Drone x4  
  81  5:07  Drone x2, Roach Warren  
  81  5:08  Extractor x2  
  81  5:12  Drone  
  81  5:16  Zerg Missile Weapons Level 1, Zerg Ground Armor Level 1  
  81  5:20  Drone x5  
  86  5:28  Drone x2  
  88  5:29  Extractor  
  88  5:34  Hatchery  
  86  5:37  Drone x2  
  86  5:38  Drone x3  
  91  5:45  Zergling x6  
  94  5:51  Overseer  
  94  5:54  Spore Crawler, Glial Reconstitution  
  94  5:56  Spore Crawler  
  90  5:58  Drone  
  90  6:03  Overlord x2  
  90  6:05  Roach x4  
  90  6:06  Overlord  
  98  6:15  Overlord x3  
  98  6:21  Overlord x4  
  98  6:26  Drone x2  
  98  6:27  Drone  
  98  6:32  Overseer  
  101  6:37  Drone  
  101  6:38  Drone x5  
  107  6:45  Drone  
  108  6:51  Drone x3  
  111  6:56  Drone x6  
  117  7:02  Roach x3  
  117  7:04  Overlord  
  117  7:05  Roach  
  117  7:07  Roach x2  
  129  7:12  Ravager x4  
  132  7:20  Roach x7  
  145  7:27  Roach x4  
  158  7:30  Ravager x5  
  158  7:34  Extractor, Drone  
  158  7:35  Drone x3, Extractor  
  158  7:36  Drone x2  
  162  7:37  Roach  
  162  7:38  Roach x5  
  174  7:49  Roach x5  
  176  8:05  Roach x8  
  183  8:09  Overlord x2  
  183  8:12  Roach  
  175  8:14  Overseer x2  
  175  8:15  Hatchery, Overlord  
  175  8:17  Ravager  
  175  8:18  Roach  
  175  8:19  Ravager  
  172  8:28  Roach x10  
  172  8:32  Roach  
  185  8:45  Roach x4  
  185  8:46  Roach x3  
  199  8:56  Infestation Pit  
  199  9:02  Roach x9  
  199  9:09  Roach  
Show
View Real Time Build Order
Export as new Build Order

MaSa Terran 

Build Orders: Hellion Banshee 

Get SALT Encoding   

  12  0:00  SCV  
  13  0:12  SCV  
  14  0:17  Supply Depot  
  14  0:24  SCV  
  15  0:38  SCV  
  15  0:40  Barracks  
  16  0:43  Refinery  
  16  0:50  SCV  
  17  1:02  SCV  
  18  1:15  SCV  
  19  1:26  Barracks Reactor  
  19  1:27  Orbital Command  
  19  1:48  Command Center, Supply Depot  
  19  1:53  SCV  
  20  2:02  Marine x2  
  20  2:05  SCV  
  23  2:11  Factory  
  23  2:18  Refinery  
  23  2:19  SCV  
  23  2:22  Marine  
  25  2:24  Marine  
  26  2:31  SCV  
  27  2:44  SCV  
  28  2:56  SCV  
  28  2:57  Starport  
  29  3:01  Orbital Command  
  29  3:04  Hellion  
  31  3:08  SCV  
  31  3:10  Hellion  
  34  3:15  Barracks Tech Lab  
  34  3:21  SCV  
  35  3:28  Hellion  
  35  3:30  SCV  
  35  3:31  Hellion  
  35  3:33  SCV  
  41  3:40  Barracks Tech Lab  
  41  3:42  Banshee, SCV  
  41  3:45  Cloaking Field  
  45  3:49  Supply Depot  
  45  3:52  SCV  
  46  4:07  Supply Depot  
  46  4:10  SCV x2  
  46  4:11  Hellion x2  
  46  4:15  Marine, Stimpack  
  53  4:22  SCV  
  53  4:23  Command Center  
  54  4:28  Banshee  
  54  4:29  SCV  
  58  4:32  Supply Depot  
  58  4:35  SCV  
  59  4:43  SCV  
  59  4:45  Factory Reactor  
  60  4:46  Barracks x2  
  60  4:47  SCV  
  61  4:53  Supply Depot  
  61  4:55  SCV  
  61  4:59  SCV  
  63  5:03  Marine  
  61  5:07  SCV, Engineering Bay  
  61  5:09  Supply Depot  
  61  5:10  Engineering Bay  
  61  5:11  SCV  
  63  5:19  SCV  
  63  5:21  Starport Reactor  
  64  5:22  Marine  
  64  5:23  SCV  
  66  5:30  Barracks x2  
  66  5:31  Barracks  
  66  5:32  SCV, Siege Tank  
  66  5:35  SCV  
  71  5:36  Terran Infantry Weapons Level 1  
  71  5:40  Marine  
  72  5:46  Terran Infantry Armor Level 1  
  72  5:47  SCV  
  72  5:48  Orbital Command  
  72  5:49  SCV, Marine x2  
  76  5:58  Marine  
  76  5:59  Marine x2, Medivac  
  76  6:00  SCV  
  82  6:05  Refinery  
  82  6:06  Supply Depot  
  82  6:07  Marine x2, Siege Tank  
  82  6:08  Supply Depot  
  82  6:10  SCV  
  88  6:15  SCV x2, Marine  
  88  6:16  Marine  
  92  6:22  Refinery, SCV  
  92  6:23  Refinery  
  92  6:24  Marine x2, Medivac  
  97  6:30  SCV  
  97  6:31  Marine x2  
  97  6:32  Marine  
  101  6:34  SCV x2  
  101  6:38  Marine x2  
  101  6:39  Supply Depot  
  105  6:50  Marine x2, Combat Shield  
  105  6:51  Barracks Reactor  
  105  6:52  Barracks Reactor, SCV  
  105  6:53  SCV, Marine x2  
  111  6:54  SCV  
  111  6:56  Marine  
  113  7:02  Armory  
  113  7:04  SCV  
  113  7:05  SCV  
  113  7:08  Barracks Tech Lab, Marine x2  
  117  7:10  SCV, Marine  
  117  7:11  Marauder  
  117  7:14  Marine  
  119  7:18  SCV x2  
  119  7:19  Siege Tank  
  124  7:26  Marine  
  124  7:27  Marine  
  124  7:28  Marine x6  
  64  7:30  Medivac  
  123  7:35  Supply Depot  
  125  7:40  Concussive Shells  
  125  7:44  SCV x2  
  125  7:46  SCV  
  125  7:55  Supply Depot x2  
  125  7:57  Marauder, Medivac, Siege Tank  
  125  7:58  SCV  
  131  8:05  Marauder, Marine x8  
  119  8:12  Medivac  
  110  8:15  SCV x3  
  111  8:27  Medivac  
  109  8:28  Command Center  
  109  8:31  Siege Tank  
  109  8:32  Marauder, Marine x2  
  108  8:36  Marine x4  
  108  8:37  Marauder  
  108  8:41  SCV  
  110  8:44  Marine x2  
  110  8:48  SCV  
  113  8:49  Marine  
  113  8:50  Marine  
  113  8:54  Marauder, Marine x3  
  114  8:56  Marine  
  114  8:58  Marauder  
  114  9:01  Marine  
  114  9:02  Marine  
  103  9:07  Marine x2  
  89  9:10  SCV  
Tags
 
Add a new tag
Caveats
  • Supply blocks, unpowered buildings, or Contaminate may cause inaccurate times.
  • Supply counts are checked every 10 seconds.